Map: Kairos Junction LE

Players

Namshar

  • Race: Zerg Zerg
  • Spawn Location: 5:00

Clem - Winner!

  • Race: Terran Terran
  • Spawn Location: 11:00

Event: IEM Season 13: Katowice (2019)

VOD

Have the link to the VOD?

Description

Time

  • Played on: Feb. 25, 2019, 7:13 a.m.
  • Length: 12:05

All games in this series

Show
View Real Time Build Order
Export as new Build Order

Namshar Zerg 

Build Orders: Hatch First 

Get SALT Encoding   

  12  0:00  Drone  
  13  0:12  Overlord  
  13  0:16  Drone  
  14  0:30  Drone x2  
  16  0:47  Hatchery  
  15  0:50  Drone  
  15  0:54  Drone  
  17  0:57  Drone  
  18  1:08  Extractor  
  17  1:13  Spawning Pool  
  17  1:17  Drone  
  17  1:19  Drone  
  18  1:28  Drone  
  19  1:38  Drone  
  20  1:50  Drone  
  21  1:59  Queen x2  
  21  2:00  Zergling x4  
  27  2:10  Overlord  
  27  2:11  Drone  
  28  2:29  Drone x2  
  30  2:31  Metabolic Boost  
  30  2:35  Queen  
  31  2:38  Queen  
  31  2:41  Drone  
  34  2:45  Drone  
  34  2:48  Overlord  
  35  3:06  Drone x2  
  35  3:08  Drone x3  
  35  3:09  Drone  
  41  3:18  Zergling x6  
  43  3:26  Extractor, Roach Warren  
  41  3:27  Extractor  
  39  3:40  Drone  
  39  3:41  Overlord, Drone x3  
  43  3:47  Overlord  
  43  3:49  Hatchery  
  42  3:59  Overlord, Drone  
  42  4:00  Drone x6  
  49  4:06  Queen  
  51  4:15  Drone x2  
  53  4:18  Lair  
  53  4:21  Overlord  
  53  4:23  Roach  
  55  4:25  Roach  
  55  4:27  Overlord  
  57  4:32  Roach  
  59  4:41  Evolution Chamber x2  
  57  4:46  Drone x3  
  57  4:48  Drone x3  
  63  5:01  Drone  
  63  5:02  Drone  
  63  5:03  Spore Crawler, Drone x4  
  63  5:05  Queen  
  70  5:11  Zerg Ground Armor Level 1, Zerg Melee Weapons Level 1  
  70  5:19  Drone x3  
  73  5:31  Drone  
  73  5:34  Drone x2  
  71  5:39  Zergling x6  
  71  5:40  Glial Reconstitution  
  65  5:44  Queen, Drone x4  
  65  5:49  Zergling x2  
  72  5:50  Drone x2  
  73  5:58  Overlord  
  73  5:59  Overlord, Drone x3  
  75  6:05  Zergling x2  
  76  6:12  Zergling x4  
  76  6:14  Drone x4  
  82  6:24  Drone  
  82  6:25  Drone, Baneling Nest  
  84  6:27  Ravager x3  
  86  6:33  Extractor, Drone x2  
  86  6:35  Drone x2, Hatchery  
  86  6:36  Drone x3  
  91  6:41  Roach  
  91  6:42  Roach  
  91  6:43  Overlord x2  
  95  6:53  Overlord  
  95  6:58  Extractor  
  95  7:00  Hydralisk Den  
  93  7:04  Zergling x18  
  101  7:13  Ravager x2, Overlord  
  101  7:14  Centrifical Hooks  
  103  7:17  Zergling x10  
  103  7:22  Zerg Ground Armor Level 2  
  108  7:28  Overlord x2  
  108  7:31  Drone  
  108  7:32  Hatchery  
  108  7:33  Zergling x10  
  113  7:40  Zergling x2  
  113  7:41  Zergling x4  
  113  7:43  Zerg Melee Weapons Level 2  
  116  7:48  Overlord  
  116  7:50  Drone x2  
  116  7:51  Extractor, Drone x2  
  119  7:55  Drone x2  
  119  7:57  Drone  
  117  8:04  Zergling x16  
  119  8:10  Overlord  
  119  8:12  Drone  
  117  8:13  Infestation Pit  
  117  8:15  Overlord  
  117  8:17  Drone x2  
  117  8:19  Drone x2  
  120  8:20  Drone  
  120  8:22  Muscular Augments  
  120  8:25  Baneling x4  
  121  8:28  Zergling x6  
  124  8:34  Zergling x6  
  121  8:44  Zergling x14  
  123  8:49  Zergling x2  
  123  8:50  Zergling x10  
  123  8:51  Baneling x2  
  125  8:56  Zergling x2  
  125  8:57  Zergling x2  
  125  9:02  Zergling x2  
  125  9:03  Zergling x2  
  120  9:14  Zergling x8  
  116  9:22  Zergling x10  
  110  9:26  Baneling x8  
  110  9:27  Zergling x2  
  110  9:28  Zergling x4  
  102  9:33  Grooved Spines, Baneling x5  
  102  9:35  Zergling x6  
  102  9:38  Zergling x2  
  95  9:48  Zergling x8  
  95  9:52  Zergling x2  
  84  9:53  Zergling x2  
  84  9:58  Zergling x2  
  84  9:59  Zergling x2  
  82  10:00  Zergling x4  
  82  10:01  Zergling x8  
  82  10:03  Zergling x2  
  82  10:04  Zergling x4  
  82  10:06  Zergling x4, Baneling x6  
  93  10:07  Baneling x2  
  93  10:18  Zergling x2  
  93  10:19  Zergling x4  
  93  10:20  Hatchery  
  95  10:22  Baneling x5  
  95  10:23  Baneling x3  
  95  10:25  Zergling x2  
  92  10:32  Zergling x12  
  97  10:37  Baneling  
  97  10:38  Baneling x5  
  97  10:44  Zergling x14  
  104  10:51  Baneling x2  
  104  10:52  Baneling x4  
  103  10:57  Zergling x4  
  88  11:12  Hydralisk x2  
  92  11:20  Zergling x4  
  92  11:21  Zergling x2  
  93  11:26  Hatchery, Baneling x2  
  93  11:28  Zergling x2  
  93  11:29  Zergling x10  
  97  11:37  Zergling x2  
  97  11:38  Zergling x4  
Show
View Real Time Build Order
Export as new Build Order

Clem Terran - Winner!

Build Orders: Gas First Reaper Expand, Liberator Opening 

Get SALT Encoding   

  12  0:00  SCV  
  13  0:13  SCV  
  14  0:17  Supply Depot  
  14  0:25  SCV  
  15  0:30  Refinery  
  15  0:38  SCV  
  16  0:44  Barracks  
  16  0:50  SCV  
  17  1:02  SCV  
  18  1:14  SCV  
  19  1:31  Reaper, Orbital Command  
  20  1:41  Command Center  
  20  1:53  Factory  
  20  1:57  SCV  
  21  2:06  Barracks Reactor  
  21  2:09  Supply Depot  
  21  2:11  SCV  
  22  2:17  Refinery  
  22  2:23  SCV  
  23  2:35  SCV  
  24  2:42  Starport  
  24  2:47  SCV  
  24  2:48  Hellion  
  24  2:50  Hellion  
  29  2:52  Marine  
  29  2:57  Orbital Command  
  30  3:00  SCV  
  31  3:09  Liberator  
  31  3:12  Engineering Bay  
  31  3:17  Hellion  
  32  3:24  Hellion  
  37  3:31  SCV  
  37  3:32  SCV  
  38  3:37  Supply Depot  
  38  3:39  Marine  
  39  3:43  Hellion  
  39  3:44  SCV  
  39  3:45  Hellion  
  44  3:51  SCV  
  44  3:52  Liberator  
  45  3:57  Barracks Tech Lab  
  45  3:58  SCV  
  45  4:00  Supply Depot  
  46  4:09  SCV  
  50  4:10  SCV  
  51  4:18  Bunker  
  51  4:21  Siege Tank  
  51  4:22  Marine x2  
  51  4:23  Bunker  
  56  4:29  SCV x2  
  58  4:32  Supply Depot  
  58  4:42  Command Center  
  58  4:43  SCV x2  
  60  4:52  Supply Depot  
  60  4:53  Marine  
  60  4:54  Siege Tank, Marine  
  60  4:56  SCV  
  60  4:58  SCV  
  67  5:09  Viking  
  67  5:10  SCV  
  67  5:11  Supply Depot  
  67  5:14  SCV  
  71  5:16  Barracks  
  71  5:21  Barracks  
  71  5:22  SCV  
  71  5:26  Siege Tank  
  71  5:28  Marine x2  
  76  5:30  SCV  
  78  5:37  SCV  
  78  5:42  Starport Tech Lab  
  74  5:44  Engineering Bay  
  74  5:45  Engineering Bay, Refinery  
  74  5:46  Refinery, SCV  
  72  5:52  SCV  
  72  5:54  Orbital Command  
  73  5:58  Siege Tank, SCV  
  73  6:04  SCV  
  78  6:06  Starport Reactor  
  78  6:07  Stimpack  
  78  6:10  Barracks Reactor, SCV, Marine  
  80  6:16  SCV  
  79  6:18  Marine  
  79  6:19  Marine  
  79  6:22  SCV  
  79  6:23  Orbital Command  
  79  6:24  Terran Infantry Weapons Level 1  
  82  6:26  Supply Depot x2  
  82  6:28  SCV, Marine  
  84  6:34  SCV  
  84  6:35  Siege Tank  
  84  6:36  Marine x2  
  90  6:40  SCV  
  90  6:46  SCV, Marine  
  93  6:47  Terran Infantry Armor Level 1  
  93  6:48  Marine x2  
  93  6:51  Supply Depot  
  93  6:52  SCV x2  
  97  6:54  Marine x2  
  97  6:58  Medivac, SCV  
  97  7:00  Supply Depot  
  97  7:01  Medivac  
  104  7:04  SCV, Marine  
  104  7:05  SCV  
  107  7:12  Siege Tank  
  107  7:13  Barracks x2  
  107  7:14  Marine x3  
  111  7:16  SCV  
  111  7:19  Marine  
  111  7:21  SCV, Marine  
  111  7:22  SCV  
  114  7:23  Supply Depot  
  114  7:26  Factory  
  114  7:29  Refinery  
  114  7:30  Refinery  
  114  7:32  Marine x2  
  114  7:33  Armory  
  116  7:37  SCV x3  
  116  7:39  Marine x3  
  122  7:50  SCV x2, Marine x2  
  126  7:51  Siege Tank  
  126  7:54  SCV  
  126  7:56  Marine  
  126  7:57  Marine  
  132  7:59  Supply Depot  
  132  8:00  Marine  
  131  8:06  SCV x2  
  131  8:07  Barracks Reactor  
  131  8:08  Combat Shield, Barracks Reactor, Marine x2  
  131  8:10  Medivac x2  
  137  8:13  SCV  
  137  8:14  Marine x2  
  137  8:15  Supply Depot  
  137  8:18  Marine  
  141  8:21  Command Center  
  141  8:23  Factory Tech Lab  
  141  8:26  Siege Tank, Marine x2  
  146  8:32  Marine x2  
  147  8:36  Marine  
  143  8:43  Terran Infantry Weapons Level 2, Terran Infantry Armor Level 2, Marine  
  143  8:44  Marine x3  
  143  8:45  Marine x2  
  141  8:50  Marine x2  
  141  8:54  Marine  
  144  8:56  Medivac  
  144  9:01  Marine x4  
  139  9:03  Marine x2  
  139  9:07  SCV x2  
  139  9:08  Marine x2  
  137  9:12  Marine  
  123  9:19  Marine x4  
  123  9:20  SCV x2  
  123  9:21  Marine x2  
  113  9:25  SCV  
  113  9:26  Marine x2  
  113  9:29  Marine  
  115  9:32  SCV  
  115  9:36  Siege Tank  
  115  9:37  Marine x4  
  121  9:39  Marine x2  
  121  9:40  Siege Tank  
  121  9:43  Marine  
  121  9:44  Marine  
  122  9:48  Marine  
  118  9:53  SCV  
  118  9:55  Marine x4  
  118  9:57  Marine x2  
  122  10:01  Marine x2  
  122  10:06  Marine  
  123  10:07  Medivac  
  123  10:10  SCV x3  
  123  10:11  Terran Vehicle Weapons Level 1  
  128  10:23  Siege Tank  
  128  10:24  Marine  
  128  10:25  SCV  
  128  10:27  Marine x3  
  133  10:40  Supply Depot  
  133  10:41  Supply Depot  
  133  10:47  Marine  
  133  10:48  Siege Tank, Marine x2  
  131  10:50  Marine  
  131  10:53  Marine  
  131  10:54  Marine x3  
  131  10:57  Marine  
  110  11:05  Marine x2  
  110  11:06  Marine  
  110  11:07  Marine  
  85  11:11  Marine x2  
  85  11:12  Marine x2  
  85  11:14  Marine  
  85  11:16  SCV x3  
  93  11:28  SCV x2  
  95  11:41  Marine x3  

Tags
 
Add a new tag
Caveats
  • Supply blocks, unpowered buildings, or Contaminate may cause inaccurate times.
  • Supply counts are checked every 10 seconds.